 Dungeon Crawl Stone Soup version 0.19-a0-1697-g0595f0e (webtiles) character file.

1060 kae the Carver (level 8, -3/58 HPs)
             Began as a Formicid Fighter on Sept 26, 2016.
             Was a Follower of Makhleb.
             Killed from afar by an electric eel (7 damage)
             ... with a bolt of electricity
             ... on level 6 of the Dungeon.
             The game lasted 00:03:36 (4191 turns).

kae the Carver (Formicid Fighter)                   Turns: 4191, Time: 00:03:36

Health: -3/58      AC: 10    Str: 23    XL:     8   Next: 52%
Magic:  8/8        EV:  8    Int:  8    God:    Makhleb [*.....]
Gold:   238        SH: 10    Dex: 13    Spells: 0 memorised, 7 levels left

rFire  . . .     SeeInvis +     a - +0 long sword
rCold  + . .     Gourm    +     b - +1 scale mail
rNeg   . . .     Faith    .     c - +0 shield
rPois  .         Spirit   .     (helmet unavailable)
rElec  .         Dismiss  .     z - +0 cloak {+Inv}
rCorr  .         Reflect  .     (no gloves)
MR     .....     Harm     .     (no boots)
Stlth  ..........               F - amulet of the gourmand
                                s - +3 ring of dexterity
                                o - ring of protection from cold

@: no status effects
A: permanent stasis, dig shafts and tunnels, four strong arms, antennae 3
a: Dig, Shaft Self, Renounce Religion, Evoke Invisibility


You were on level 6 of the Dungeon.
You worshipped Makhleb.
Makhleb was aware of your devotion.
You were completely stuffed.

You visited 1 branch of the dungeon, and saw 6 of its levels.

You collected 238 gold pieces.

Inventory:

Hand Weapons
 a - a +0 long sword (weapon)
Armour
 b - a +1 scale mail (worn)
 c - a +0 shield (worn)
 z - a +0 cloak of invisibility (worn)
Jewellery
 o - a ring of protection from cold (left hand)
 s - a +3 ring of dexterity (right hand)
 B - a +1 ring of slaying {unknown}
 F - an amulet of the gourmand (around neck)
Wands
 C - a wand of lightning (10/15)
Scrolls
 e - 3 scrolls of enchant armour
 g - 2 scrolls of immolation
 k - 6 scrolls of teleportation
 l - 2 scrolls of remove curse {unknown}
 u - a scroll of recharging
 v - a scroll of fog {unknown}
 w - a scroll of magic mapping {unknown}
 x - 3 scrolls of identify
 y - a scroll of random uselessness {unknown}
Potions
 h - 2 potions of agility {unknown}
 i - a potion of heal wounds {unknown}
 j - a potion of invisibility {unknown}
 m - 2 potions of ambrosia {unknown}
 n - a potion of curing
 p - 2 potions of magic
 q - a potion of degeneration {unknown}
 t - a potion of berserk rage {unknown}
 D - a potion of brilliance {unknown}
 E - a potion of might
Comestibles
 d - a slice of pizza
 f - 6 bread rations
 r - 3 meat rations
 A - 2 fruits
 G - 4 chunks of flesh


   Skills:
 - Level 3.2 Fighting
 + Level 9.6 Long Blades
 - Level 3.2 Armour
 - Level 3.6 Shields


You had 7 spell levels left.
You didn't know any spells.

Dungeon Overview and Level Annotations

Branches:
Dungeon (6/15)
 Temple: D:4-7

Altars:
Gozag
Makhleb
Sif Muna


Innate Abilities, Weirdness & Mutations

You are under a permanent stasis effect.
You can dig through walls and to a lower floor.
Your four strong arms can wield two-handed weapons with a shield.
You have a pair of large antennae on your head. (SInv)


Message History

The electric eel shoots out a bolt of lightning at you!
The bolt of electricity hits you!
The electric eel shoots out a bolt of lightning at you!
The bolt of electricity hits the electric eel.
The electric eel completely resists.
The bolt of electricity hits you! x2
* * * LOW HITPOINT WARNING * * *
You are too injured to fight recklessly!
You are too injured to fight recklessly!
You are too injured to fight recklessly!
You are too injured to fight recklessly!
Unknown command.
The electric eel shoots out a bolt of lightning at you!
The bolt of electricity misses you.
The electric eel shoots out a bolt of lightning at you!
The bolt of electricity hits the electric eel.
The electric eel completely resists.
The bolt of electricity hits you!
* * * LOW HITPOINT WARNING * * *
The electric eel shoots out a bolt of lightning at you!
The bolt of electricity hits you!
You die...

...#.# { ;≈≈≈#
..P##.## ≈≈≈≈#
≈≈≈.#..## #≈≈≈#
≈≈≈≈.≈#.## { #≈≈≈#
≈≈.≈≈≈≈≈≈## { #≈≈≈
≈≈#≈≈≈#.≈≈# #≈;#
.###.###.≈## ##;#
..#...#....# #####.##
...........###..@.##
...........'.'....#
...........#.'.)..#
...........###....##
..#...#...≈#######.##
.###.###≈≈≈#≈## ##≈#
≈≈ ≈≈≈
≈≈.##≈≈####≈≈## ≈
.≈≈≈≈≈.##≈≈≈#≈≈#≈≈≈#
≈≈≈≈≈P.#≈≈≈≈#≈≈#≈≈.#


You could see an electric eel.

Vanquished Creatures
  A sky beast (D:6)
  3 ogres
  A centaur (D:6)
  A howler monkey (D:5)
  A crimson imp (D:5)
  A bullfrog zombie (D:6)
  2 hounds
  Natasha (thrice) (D:2)
  6 worker ants
  8 gnolls
  6 adders
  2 shadow imps (D:5)
  2 oozes
  An adder skeleton (D:6)
  4 worms
  2 dart slugs
  4 leopard geckos
  2 orcs
  3 ball pythons
  9 bats
  7 giant cockroaches
  7 goblins
  4 hobgoblins
  9 jackals
  A quokka (D:2)
  4 frilled lizards
  A jackal skeleton (D:4)
  7 kobolds
  A quokka skeleton (D:5)
  7 rats
110 creatures vanquished.

Notes
Turn   | Place    | Note
-------+----------+-------------------------------------------
     0 | D:1      | kae the Formicid Fighter began the quest for the Orb.
     0 | D:1      | Reached XP level 1. HP: 18/18 MP: 1/1
    40 | D:1      | Reached XP level 2. HP: 21/24 MP: 2/2
   122 | D:1      | Reached skill level 3 in Long Blades
   167 | D:1      | Reached XP level 3. HP: 29/29 MP: 3/3
   428 | D:2      | Noticed Natasha
   435 | D:2      | Killed Natasha
   435 | D:2      | Reached skill level 4 in Long Blades
   435 | D:2      | Reached XP level 4. HP: 26/35 MP: 4/4
   498 | D:2      | Noticed Natasha
   534 | D:2      | Killed Natasha
   881 | D:2      | Reached XP level 5. HP: 33/41 MP: 5/5
   977 | D:2      | Noticed Natasha
   981 | D:2      | Killed Natasha
   981 | D:2      | Reached skill level 5 in Long Blades
  1632 | D:3      | You fall through a shaft!
  1708 | D:3      | Reached XP level 6. HP: 46/47 MP: 6/6
  1712 | D:3      | Found a burning altar of Makhleb.
  1720 | D:3      | Became a worshipper of Makhleb the Destroyer
  1729 | D:3      | Reached skill level 6 in Long Blades
  1860 | D:3      | Found an opulent altar of Gozag.
  2528 | D:5      | Entered Level 5 of the Dungeon
  2658 | D:5      | Noticed an ogre
  2668 | D:5      | Killed an ogre
  2668 | D:5      | Reached skill level 7 in Long Blades
  2668 | D:5      | Reached XP level 7. HP: 25/52 MP: 7/7
  3054 | D:5      | Found a deep blue altar of Sif Muna.
  3380 | D:6      | Reached skill level 8 in Long Blades
  3478 | D:6      | Reached * piety under Makhleb
  3495 | D:6      | Reached XP level 8. HP: 4/58 MP: 8/8
  3995 | D:6      | Reached skill level 9 in Long Blades
  4191 | D:6      | Killed from afar by an electric eel

Vault maps used:
D:1:      minmay_arrival_cross
D:2:      uniq_natasha
D:3:      minmay_wonky_spiral, first_bread, kennysheep_flooded_box,
          makhleb_heckhound_becter
D:5:      basic_altar
D:6:      wad_lake_hut

Skill      XL: |  1  2  3  4  5  6  7  8 |
---------------+-------------------------+-----
Long Blades    | 3 4 5 7 8 9 |  9.6
Fighting       | |  3.2
Armour         | |  3.2
Shields        | |  3.6

Action                   |  1- 3 |  4- 6 |  7- 9 || total
-------------------------+-------+-------+-------++-------
Melee: Long sword        |    81 |   251 |   125 ||   457
  Use: Scroll            |       |     5 |       ||     5
       Potion            |       |       |     1 ||     1
  Eat: Chunk             |       |     6 |    20 ||    26
Armor: Scale mail        |    28 |    81 |    30 ||   139
Dodge: Dodged            |    30 |    69 |    28 ||   127
Block: Shield            |    31 |   128 |    48 ||   207
